[Event "Late-Titled-Tuesday-Blitz-January-23-2024"]
[Site "Chess.com"]
[Date "2024.01.23"]
[Round "5"]
[White "Vicmary2005"]
[Black "AsaHoffmann"]
[Result "0-1"]
[WhiteElo "1986"]
[BlackElo "2370"]
[TimeControl "180+1"]
[EndTime "14:50:28 PST"]
[Termination "AsaHoffmann won by resignation"]

1. e4 d6 2. d4 Nf6 3. Nc3 c6 4. f4 Qa5 5. Bd3 e5 6. dxe5 dxe5 7. f5 Bc5 8. Nf3 Ng4 9. Qe2 Nf2 10. Rf1 Nxd3+ 11.
Qxd3 Nd7 12. Be3 b6 13. Kf2 Ba6 14. Qd2 Bxf1 15. Rxf1 Bxe3+ 16. Qxe3 Qc5 17. Qxc5 bxc5 18. Rd1 Ke7 19. Nd2 Rhd8 20. a4 Nb6 21. a5 Nc8 22. Nc4 Rxd1 23. Nxd1 f6 24. Nc3 Nd6 25. Nd2 Rb8 26.
Nb3 c4 0-1

[Event "Late-Titled-Tuesday-Blitz-January-23-2024"]
[Site "Chess.com"]
[Date "2024.01.23"]
[Round "5"]
[White "Hikaru"]
[Black "Msb2"]
[Result "0-1"]
[WhiteElo "3294"]
[BlackElo "3058"]
[TimeControl "180+1"]
[EndTime "14:50:38 PST"]
[Termination "Msb2 won by resignation"]

1. d4 d5 2. Bg5 h6 3. Bf4 c5 4.
e3 Nc6 5. c3 e6 6. Bd3 Bd6 7. Bg3 Nge7 8. Nf3 O-O 9. Nbd2 cxd4 10. exd4 f6 11. Bxd6 Qxd6 12. O-O e5 13. dxe5 fxe5 14.
c4 e4 15. cxd5 exf3 16. Bc4 Ne5 17. Bb3 fxg2 18. Kxg2 N7g6 19. Ne4 Nf4+ 20. Kh1 Qg6 21. Ng3 Bh3 22. d6+ Kh8 23. Bc2 Qxc2 0-1

[Event "Late-Titled-Tuesday-Blitz-January-23-2024"]
[Site "Chess.com"]
[Date "2024.01.23"]
[Round "5"]
[White "traviscottofficial"]
[Black "Hirna2005"]
[Result "0-1"]
[WhiteElo "2528"]
[BlackElo "2302"]
[TimeControl "180+1"]
[EndTime "14:50:39 PST"]
[Termination "Hirna2005 won by resignation"]

1. Nc3 g6 2. b3 Bg7 3. Bb2 d6 4. d3 c5 5. Qd2 Nc6 6. e4 Nf6 7. g3 O-O 8. Bg2 e5 9. Nge2 Be6 10. O-O Qd7 11. f4 Bh3 12. f5 Bxg2 13. Kxg2 Nd4 14. Nd1 gxf5 15. Nxd4 exd4 16. Rxf5 Ng4 17. Bc1 Rae8 18. Qe2 Qxf5 19. exf5 Rxe2+ 20. Kf3 Re1 0-1

[Event "Late-Titled-Tuesday-Blitz-January-23-2024"]
[Site "Chess.com"]
[Date "2024.01.23"]
[Round "5"]
[White "R2D2PTY"]
[Black "akanga001"]
[Result "1-0"]
[WhiteElo "2245"]
[BlackElo "1996"]
[TimeControl "180+1"]
[EndTime "14:50:41 PST"]
[Termination "R2D2PTY won by resignation"]

1. e4 d6 2. d4 g6 3. Nc3 Bg7 4. Be3 b6 5. f3 c5 6. Nge2 cxd4 7. Nxd4 Bb7 8. Qd2 a6 9. h4 h6 10. O-O-O Nc6 11. Nd5 e6 12. Nxc6 Bxc6 13. Bxb6 Qb8 14. Nc7+ Kf8 15. Qxd6+ Ne7 16. Nxa8 Qxa8 17.
Qd8+ Qxd8 18. Rxd8+ Be8 19. Bxa6 Be5 20. Bb5 Kg7 21.
Rxe8 Bf4+ 22. Kb1 Rxe8 23. Bxe8 f5 24. a4 fxe4 25. fxe4 g5 26. a5 Nc8 27. Bd7 Nd6 28.
Bxe6 Kf6 29. Bd5 Nc8 30. Bd4+ Ke7 31. a6 1-0

[Event "Late-Titled-Tuesday-Blitz-January-23-2024"]
[Site "Chess.com"]
[Date "2024.01.23"]
[Round "5"]
[White "The_Straightforward_Rook"]
[Black "kai_nov"]
[Result "1-0"]
[WhiteElo "2468"]
[BlackElo "2293"]
[TimeControl "180+1"]
[EndTime "14:51:27 PST"]
[Termination "The_Straightforward_Rook won by resignation"]

1. e4 c5 2. c3 Nf6 3. e5 Nd5 4. Nf3 Nc6 5. Bc4 Nb6 6. Bb3 d5 7. exd6 Qxd6 8. Na3 a6 9. O-O Bf5 10. d4 cxd4 11. Nxd4 Nxd4 12. cxd4 e6 13. Qf3 Qd7 14. h4 Be7 15. g4 O-O 16. gxf5 exf5 17. h5 Qxd4 18.
Be3 Qxb2 19. Bxb6 Qxa3 20. h6 Bf6 21. Bxf7+ Rxf7 22. Qxa3 1-0

[Event "Late-Titled-Tuesday-Blitz-January-23-2024"]
[Site "Chess.com"]
[Date "2024.01.23"]
[Round "5"]
[White "ninguno46"]
[Black "IranianCheetah"]
[Result "1-0"]
[WhiteElo "2581"]
[BlackElo "2342"]
[TimeControl "180+1"]
[EndTime "14:51:37 PST"]
[Termination "ninguno46 won by resignation"]

1. e4 e5 2. Nf3 Nc6 3. Bb5 a6 4. Ba4 Nf6 5. d3 b5 6. Bb3 Bc5 7. a4 b4 8. Bg5 h6 9. Bh4 g5 10.
Bg3 d6 11. a5 Rb8 12. Nbd2 Ne7 13. h4 g4 14. Nh2 Nh5 15. Nxg4 Nxg3 16. fxg3 Nc6 17.
Rf1 Be6 18. Nf6+ Ke7 19. Nd5+ Bxd5 20. Bxd5 Nd4 21. Rxf7+ Ke8 22. Qh5 Nxc2+ 23. Ke2 1-0

[Event "Late-Titled-Tuesday-Blitz-January-23-2024"]
[Site "Chess.com"]
[Date "2024.01.23"]
[Round "5"]
[White "IngOscarArdila"]
[Black "Knjazj"]
[Result "1-0"]
[WhiteElo "2374"]
[BlackElo "2040"]
[TimeControl "180+1"]
[EndTime "14:51:37 PST"]
[Termination "IngOscarArdila won by resignation"]

1. d4 d6 2. c4 g6 3. Nf3 Bg7 4. Nc3 Nf6 5. e3 O-O 6. Be2 Bg4 7. O-O Nc6 8. h3 Bxf3 9. Bxf3 e5 10. dxe5 dxe5 11.
Qb3 Qc8 12. Nd5 Re8 13. Rd1 e4 14. Be2 Nxd5 15. cxd5 Ne5 16. Bd2 b6 17. Bc3 f6 18.
d6+ Qe6 19. d7 Nxd7 20. Rxd7 Qxb3 21. axb3 c5 22. Raxa7 Rad8 23. Rxg7+ 1-0

[Event "Late-Titled-Tuesday-Blitz-January-23-2024"]
[Site "Chess.com"]
[Date "2024.01.23"]
[Round "5"]
[White "Nor1lsk"]
[Black "Hrant_ChessMood"]
[Result "0-1"]
[WhiteElo "2702"]
[BlackElo "2916"]
[TimeControl "180+1"]
[EndTime "14:51:39 PST"]
[Termination "Hrant_ChessMood won by resignation"]

1. e4 c6 2. d4 d5 3. f3 e6 4. Be3 b6 5. Bd3 Ba6 6. Ne2 Bxd3 7. Qxd3 Qc8 8. Nbc3 Qa6 9. Qd2 Nd7 10. O-O Be7 11. Rae1 Ngf6 12. e5 Ng8 13. f4 g6 14. g4 h5 15. h3 hxg4 16. hxg4 Nh6 17. f5 Nxg4 18. fxe6 fxe6 19. Bg5 Rh5 20. Bxe7 Kxe7 21. Nf4 Rg8 22. Nxh5 gxh5 23. Kh1 Qc8 24. Qf4 Qe8 25. Nd1 Qg6 26. Re2 Rf8 0-1

[Event "Late-Titled-Tuesday-Blitz-January-23-2024"]
[Site "Chess.com"]
[Date "2024.01.23"]
[Round "5"]
[White "AlexPapasimakopoulos"]
[Black "jefferyx"]
[Result "1/2-1/2"]
[WhiteElo "2760"]
[BlackElo "2991"]
[TimeControl "180+1"]
[EndTime "14:51:48 PST"]
[Termination "Game drawn by agreement"]

1. d4 d5 2. c4 e6 3. Nc3 Nf6 4. cxd5 exd5 5. Bg5 c6 6. e3 Bd6 7. Bd3 O-O 8. Qc2 h6 9. Bh4 Re8 10. Nf3 Be6 11. Bg3 Bxg3 12. hxg3 Qd6 13. O-O Nbd7 14.
Rab1 a5 15. a3 Rec8 16. Rfe1 b5 17. e4 dxe4 18. Nxe4 Nxe4 19. Bxe4 Nf6 20. Bf5 Bxf5 21. Qxf5 Re8 22. Re5 a4 23. Rbe1 Rf8 24. Re7 b4 25. axb4 Qxb4 26. Qc2 Rac8 27. Ra7 c5 28. Rxa4 Qb6 29.
dxc5 Rxc5 30. Qd2 Rb5 31. Ra2 Rb8 32. Qd4 Qxd4 33. Nxd4 Rxb2 34. Rxb2 Rxb2 35. f3 Nh5 36. Kh2 g6 37. Re2 Rxe2 38. Nxe2 Ng7 1/2-1/2

[Event "Late-Titled-Tuesday-Blitz-January-23-2024"]
[Site "Chess.com"]
[Date "2024.01.23"]
[Round "5"]
[White "Jenia84"]
[Black "RantomOpening"]
[Result "0-1"]
[WhiteElo "2317"]
[BlackElo "2546"]
[TimeControl "180+1"]
[EndTime "14:51:49 PST"]
[Termination "RantomOpening won by resignation"]

1. e4 c5 2. Nf3 e6 3. c4 Nc6 4. Nc3 Nf6 5. d3 d5 6. exd5 exd5 7. Bg5 d4 8. Nd5 Be7 9. Nxe7 Qxe7+ 10. Qe2 Be6 11. Ne5 h6 12. Nxc6 bxc6 13. Bxf6 Qxf6 14. g3 O-O 15. Bg2 Rfe8 16. Be4 Bf5 17. f3 Qd6 18.
O-O Bh3 19. Qd2 f5 20. Rfe1 fxe4 21. fxe4 Rf8 22. e5 Qe6 23. Qe2 Rf5 24. Qe4 Raf8 25. Qh4 Rf2 26. b4 Rg2+ 27. Kh1 Rff2 0-1

[Event "Late-Titled-Tuesday-Blitz-January-23-2024"]
[Site "Chess.com"]
[Date "2024.01.23"]
[Round "5"]
[White "Eloist"]
[Black "Squirlolz"]
[Result "1-0"]
[WhiteElo "2436"]
[BlackElo "2564"]
[TimeControl "180+1"]
[EndTime "14:51:57 PST"]
[Termination "Eloist won by checkmate"]

1. e4 d6 2. d4 Nf6 3. Nc3 c6 4. f4 Qa5 5. Bd3 e5 6. Nf3 Bg4 7. dxe5 dxe5 8. fxe5 Nfd7 9. O-O Nxe5 10.
Qe1 Bc5+ 11. Kh1 Nxf3 12. gxf3 Bh3 13. Qg3 Bxf1 14. Qxg7 Rf8 15. Qe5+ Kd8 16. Bg5+ Kc8 17. Bxf1 Nd7 18. Bh3 Qc7 19. Qxc5 f5 20. Qe7 Qe5 21.
Bxf5 Rxf5 22. Qd8# 1-0

[Event "Late-Titled-Tuesday-Blitz-January-23-2024"]
[Site "Chess.com"]
[Date "2024.01.23"]
[Round "5"]
[White "szachmistrz2500"]
[Black "CarlosjPineror"]
[Result "0-1"]
[WhiteElo "2501"]
[BlackElo "2613"]
[TimeControl "180+1"]
[EndTime "14:52:08 PST"]
[Termination "CarlosjPineror won by checkmate"]

1. e4 c5 2. Nf3 e6 3. d4 cxd4 4. Nxd4 a6 5. Bd3 Qc7 6. Qe2 Nf6 7. O-O h5 8. c4 Ng4 9. g3 Bc5 10. Nb3 Ba7 11. Nc3 Nc6 12. Bf4 Nce5 13. Rac1 f6 14. c5 g5 15. Be3 Nxe3 16. Qxe3 b5 17. a3 d6 18. Bxb5+ Kf7 19. Be2 dxc5 20. Qd2 c4 21. Na1 Bb7 22. Nc2 Rad8 23. Qe1 h4 24. Rd1 hxg3 25. hxg3 Nd3 26. Bxd3 Qxg3# 0-1

[Event "Late-Titled-Tuesday-Blitz-January-23-2024"]
[Site "Chess.com"]
[Date "2024.01.23"]
[Round "5"]
[White "WilliamAlfaroCaracas"]
[Black "PapaieDudu"]
[Result "0-1"]
[WhiteElo "2243"]
[BlackElo "2419"]
[TimeControl "180+1"]
[EndTime "14:52:14 PST"]
[Termination "PapaieDudu won by checkmate"]

1. e4 c5 2. Nf3 d6 3. d4 cxd4 4. Nxd4 Nf6 5. Nc3 a6 6. f3 b5 7. Be3 e6 8. Qd2 Nbd7 9. a3 Bb7 10. Be2 Be7 11. O-O-O Rc8 12. g4 Nb6 13. g5 Nfd7 14. f4 Rxc3 15. Qxc3 Bxe4 16. Bf3 Bxf3 17. Nxf3 Nd5 18.
Qxg7 Rf8 19. Rhe1 b4 20. axb4 Nxb4 21. f5 Qc7 22. Qc3 Na2+ 23. Kd2 Nxc3 24. bxc3 d5 25.
Nd4 Ne5 26. fxe6 Nc4+ 27. Ke2 Qxh2+ 28. Kd3 Ne5# 0-1

[Event "Late-Titled-Tuesday-Blitz-January-23-2024"]
[Site "Chess.com"]
[Date "2024.01.23"]
[Round "5"]
[White "FontVella8"]
[Black "ChristopherYoo"]
[Result "0-1"]
[WhiteElo "2742"]
[BlackElo "2977"]
[TimeControl "180+1"]
[EndTime "14:52:17 PST"]
[Termination "ChristopherYoo won by resignation"]

1. Nf3 Nf6 2. b3 g6 3. Bb2 Bg7 4. g3 O-O 5. Bg2 c5 6. O-O d5 7.
e3 Bg4 8. h3 Bxf3 9. Bxf3 Nc6 10. d4 cxd4 11. exd4 Rc8 12. Re1 b5 13. a3 e6 14. Nc3 Qb6 15. Ne2 a5 16. Bg2 Rfd8 17. Nf4 Ne4 18. c3 b4 19. axb4 axb4 20. c4 Bxd4 21.
Bxd4 Qxd4 22. cxd5 Qxf2+ 0-1

[Event "Late-Titled-Tuesday-Blitz-January-23-2024"]
[Site "Chess.com"]
[Date "2024.01.23"]
[Round "5"]
[White "Jospem"]
[Black "Mikhail_Bryakin"]
[Result "1-0"]
[WhiteElo "3090"]
[BlackElo "2829"]
[TimeControl "180+1"]
[EndTime "14:52:19 PST"]
[Termination "Jospem won by resignation"]

1. e4 e6 2. d4 b6 3. Nf3 Bb7 4. Bd3 c5 5. c3 d5 6. e5 Nc6 7.
O-O h6 8. Be3 c4 9. Bc2 b5 10.
Ne1 g6 11. Nd2 h5 12. g3 Nh6 13. Ng2 Be7 14. a3 Nf5 15. Nf3 Kd7 16. Qd2 Qg8 17. Bg5 a6 18. h3 Qd8 19. Qf4 Rh7 20. g4 hxg4 21. hxg4 Bxg5 22. Nxg5 Rg7 23. Nf3 Nfe7 24. Qg5 Nc8 25. Nf4 Nb6 26. Kg2 Qe7 27. Rh1 a5 28. Qf6 Rag8 29. Ng5 b4 30. axb4 axb4 31. Ba4 Nxa4 32.
Rxa4 b3 33. Kg3 Kc8 34. Rha1 Kb8 35. Ra5 Nxa5 36. Qxe7 1-0

[Event "Late-Titled-Tuesday-Blitz-January-23-2024"]
[Site "Chess.com"]
[Date "2024.01.23"]
[Round "5"]
[White "TheAlienParty"]
[Black "Slovak_fighter2000"]
[Result "1-0"]
[WhiteElo "2354"]
[BlackElo "2502"]
[TimeControl "180+1"]
[EndTime "14:52:19 PST"]
[Termination "TheAlienParty won on time"]

1. c4 e5 2. Nc3 Nf6 3. Nf3 e4 4. Ng5 b5 5. Nxb5 c6 6. Nc3 d5 7. cxd5 cxd5 8. e3 h6 9. Nh3 Nc6 10. Nf4 Be7 11. h4 O-O 12. d4 Bg4 13. Be2 Bxe2 14.
Qxe2 Bb4 15. Bd2 Qa5 16. g4 Bxc3 17. Bxc3 Qb6 18. g5 hxg5 19. hxg5 Nd7 20. Qh5 f5 21. g6 1-0

[Event "Late-Titled-Tuesday-Blitz-January-23-2024"]
[Site "Chess.com"]
[Date "2024.01.23"]
[Round "5"]
[White "TV27"]
[Black "howitzer14"]
[Result "0-1"]
[WhiteElo "2183"]
[BlackElo "2953"]
[TimeControl "180+1"]
[EndTime "14:52:23 PST"]
[Termination "howitzer14 won by resignation"]

1. e4 c5 2. Nc3 Nc6 3. g3 g6 4. Bg2 Bg7 5. d3 d6 6. Nge2 Rb8 7. O-O b5 8. f4 b4 9. e5 Bb7 10. Ne4 Nh6 11. exd6 exd6 12. f5 Nxf5 13. Rxf5 gxf5 14. Bg5 f6 15. Nf4 fxg5 16. Qh5+ Kd7 17. Bh3 Bd4+ 18.
Kh1 gxf4 19. Qxf5+ Kc7 20. Ng5 Ne7+ 0-1

[Event "Late-Titled-Tuesday-Blitz-January-23-2024"]
[Site "Chess.com"]
[Date "2024.01.23"]
[Round "5"]
[White "jjbolanos"]
[Black "j_coca"]
[Result "1-0"]
[WhiteElo "2182"]
[BlackElo "2522"]
[TimeControl "180+1"]
[EndTime "14:52:28 PST"]
[Termination "jjbolanos won by resignation"]

1. e4 g6 2. d4 Bg7 3. Nc3 d6 4. f4 Nc6 5. Nf3 Bg4 6. Be3 e5 7. fxe5 dxe5 8. d5 Nd4 9. Be2 Bxf3 10. Bxf3 c5 11. O-O Ne7 12. Bxd4 cxd4 13. Ne2 O-O 14.
c4 f5 15. Qd3 b6 16. b4 Rc8 17. Rfc1 Rc7 18. c5 Nc8 19. d6 Rd7 20. Ng3 Qg5 21. Qc4+ Kh8 22. Qe6 Rdd8 23. d7 Ne7 24. c6 Rf6 25. c7 Rg8 26. Qxe7 fxe4 27. Nxe4 Qe3+ 28. Kh1 Rxf3 29. d8=Q Qxe4 30. Qxg8+ Kxg8 31. c8=Q+ Bf8 32. Qce6+ Kh8 33. Q6f6+ Rxf6 34. Qxf6+ Kg8 35. Rc8 1-0

[Event "Late-Titled-Tuesday-Blitz-January-23-2024"]
[Site "Chess.com"]
[Date "2024.01.23"]
[Round "5"]
[White "grzechu96"]
[Black "ChessFighter_2011"]
[Result "0-1"]
[WhiteElo "2716"]
[BlackElo "2931"]
[TimeControl "180+1"]
[EndTime "14:52:29 PST"]
[Termination "ChessFighter_2011 won by resignation"]

1. e4 c5 2. Nf3 d6 3. d4 cxd4 4.
Nxd4 Nf6 5. Nc3 g6 6. Be2 Bg7 7. Nb3 O-O 8. O-O Nc6 9. Re1 a6 10. Bf1 b5 11. Nd5 Bb7 12. c3 Rc8 13. Bg5 Ne5 14. a4 Nc4 15. Bxf6 exf6 16. axb5 axb5 17. Bxc4 bxc4 18. Na5 Ba8 19. Ra4 f5 20. exf5 Bxd5 21. Qxd5 Rc5 22. Nb7 Rxd5 23. Nxd8 Rxd8 24. fxg6 hxg6 25.
Rxc4 Rd2 26. b4 Rc2 0-1

[Event "Late-Titled-Tuesday-Blitz-January-23-2024"]
[Site "Chess.com"]
[Date "2024.01.23"]
[Round "5"]
[White "Oleksandr_Bortnyk"]
[Black "Sl4werThanYou"]
[Result "1-0"]
[WhiteElo "3065"]
[BlackElo "2650"]
[TimeControl "180+1"]
[EndTime "14:52:35 PST"]
[Termination "Oleksandr_Bortnyk won by checkmate"]

1. e4 e6 2. d4 d5 3. e5 c5 4. Nf3 Nc6 5. Bd3 cxd4 6. O-O Nge7 7. Bf4 Ng6 8. Bg3 Be7 9. Re1 O-O 10. Nbd2 f5 11.
h3 b6 12. Nb3 Bc5 13. Bb5 Nce7 14. Nbxd4 a6 15. Bd3 Bd7 16. h4 Nc6 17. Nxc6 Bxc6 18.
Ng5 Qe8 19. h5 Nh8 20. c3 h6 21.
Nh3 Nf7 22. Nf4 Ng5 23. b4 Be7 24. Ng6 Rf7 25. Bh4 Bd8 26. Bxg5 Bxg5 27. f4 Bd8 28. g4 fxg4 29. Qxg4 Bb5 30. Rad1 Rc8 31. Bxb5 axb5 32. Rxd5 Rxc3 33. Rd6 Rc6 34. Qxe6 Qxe6 35. Rxd8+ Qe8 36. Rxe8+ Rf8 37. Rxf8+ Kh7 38. Rh8# 1-0

[Event "Late-Titled-Tuesday-Blitz-January-23-2024"]
[Site "Chess.com"]
[Date "2024.01.23"]
[Round "5"]
[White "el008"]
[Black "familijatop71"]
[Result "1-0"]
[WhiteElo "2435"]
[BlackElo "2252"]
[TimeControl "180+1"]
[EndTime "14:52:37 PST"]
[Termination "el008 won by resignation"]

1. e4 d5 2. exd5 Qxd5 3. Nc3 Qa5 4. Nf3 c6 5. h3 Nf6 6. d4 Bf5 7.
Ne5 Nbd7 8. Nc4 Qd8 9. g3 g6 10. Bf4 Bg7 11. Bg2 O-O 12. O-O Nb6 13. Ne5 Nbd5 14.
Bd2 Nxc3 15. Bxc3 Ne4 16. Bxe4 Bxe4 17. Qe2 Bd5 18. Nd3 Qd7 19. Nf4 Bh6 20. Nxd5 cxd5 21. Kg2 e6 22. a4 a6 23. a5 Rac8 24. Ra3 Rfe8 25. Rb3 Bg7 26. h4 h5 27. Rb6 Rc6 28.
Rb4 Bf8 29. Rb3 Bg7 30. Ra1 Qe7 31. Qd3 e5 32. dxe5 Bxe5 33. Re1 Qd6 34. f4 d4 35. Bxd4 Bxd4 36. Rxe8+ Kg7 37. Re4 Bc5 38. Qxd6 Bxd6 39. Re2 Rc7 40. Rd3 Kf6 41. Rxd6+ 1-0

[Event "Late-Titled-Tuesday-Blitz-January-23-2024"]
[Site "Chess.com"]
[Date "2024.01.23"]
[Round "5"]
[White "smotherhubbard"]
[Black "Maxfan2008"]
[Result "1-0"]
[WhiteElo "2340"]
[BlackElo "2496"]
[TimeControl "180+1"]
[EndTime "14:52:39 PST"]
[Termination "smotherhubbard won by checkmate"]

1. d4 Nf6 2. c4 e6 3. Nf3 Bb4+ 4. Bd2 c5 5. Bxb4 cxb4 6. Nbd2 O-O 7. e4 d6 8. Bd3 e5 9. O-O Nc6 10. d5 Nb8 11. c5 Bg4 12. h3 Bxf3 13. Nxf3 dxc5 14. Nxe5 Re8 15. f4 Qb6 16. Nc4 Qd8 17. Qf3 b5 18. Ne3 c4 19. Bc2 Qb6 20. Kh1 Nbd7 21. Rae1 a5 22.
e5 Nxe5 23. fxe5 Rxe5 24. Nf5 Rae8 25. Rxe5 Rxe5 26. d6 h5 27. Nxg7 Qxd6 28. Nf5 Qe6 29. Nd4 Qd5 30. Qxf6 Qxd4 31. Qxf7+ Kh8 32. Qh7# 1-0

[Event "Late-Titled-Tuesday-Blitz-January-23-2024"]
[Site "Chess.com"]
[Date "2024.01.23"]
[Round "5"]
[White "sergiochess83"]
[Black "thesupera12"]
[Result "1-0"]
[WhiteElo "2880"]
[BlackElo "2526"]
[TimeControl "180+1"]
[EndTime "14:52:48 PST"]
[Termination "sergiochess83 won by resignation"]

1. d4 Nf6 2. c4 g6 3. f3 d5 4.
cxd5 Nxd5 5. e4 Nb6 6. Nc3 Bg7 7. Be3 O-O 8. Qd2 e5 9. O-O-O Nc6 10. d5 Nd4 11. Nb5 c5 12. dxc6 Nxc6 13. Qxd8 Rxd8 14. Rxd8+ Nxd8 15. Nxa7 Nd7 16. Bb5 Nc6 17. Bxc6 bxc6 18.
Nxc8 Rxc8 19. Ne2 c5 20. Rd1 Nb6 21. Kc2 Nc4 22. Bc1 Ra8 23. Nc3 Bf8 24. Rd5 f6 25. Rd7 Nb6 26. Rb7 Na4 27. Nd5 Bg7 28. b3 c4 29. bxa4 Rxa4 30. a3 c3 31. Nxc3 Rc4 32.
a4 1-0

[Event "Late-Titled-Tuesday-Blitz-January-23-2024"]
[Site "Chess.com"]
[Date "2024.01.23"]
[Round "5"]
[White "norwaytoadog"]
[Black "Rdeux42"]
[Result "0-1"]
[WhiteElo "2291"]
[BlackElo "2448"]
[TimeControl "180+1"]
[EndTime "14:52:49 PST"]
[Termination "Rdeux42 won on time"]

1. e4 c6 2. d4 d5 3. e5 c5 4.
c3 Nc6 5. Be2 cxd4 6. cxd4 Bf5 7.
Nf3 e6 8. O-O Nge7 9. Nc3 Nc8 10. Ne1 Bb4 11. g4 Bg6 12. f4 Bxc3 13. bxc3 Be4 14. Be3 O-O 15. Nd3 f5 16. g5 Bxd3 17. Qxd3 Nb6 18. Kh1 Nc4 19. Bc1 Rc8 20. Qf3 b5 21. a4 b4 22. Rb1 a5 23. Rd1 bxc3 24. Qxc3 Nb4 25. Qf3 Qd7 26. Ra1 Rc7 27. Bd2 Rb8 28.
Bxb4 Rxb4 29. Rab1 Rcb7 30. Rxb4 Rxb4 31. Bxc4 Rxc4 32.
Qb3 Qxa4 33. Qb8+ Kf7 34. Qb7+ Kg6 35. Qe7 Qxd1+ 36. Kg2 Rc2+ 0-1

[Event "Late-Titled-Tuesday-Blitz-January-23-2024"]
[Site "Chess.com"]
[Date "2024.01.23"]
[Round "5"]
[White "Statham_01"]
[Black "ferdipy"]
[Result "1-0"]
[WhiteElo "2547"]
[BlackElo "2320"]
[TimeControl "180+1"]
[EndTime "14:52:52 PST"]
[Termination "Statham_01 won by resignation"]

1. e4 e6 2. d4 d5 3. Nc3 Bb4 4. Qg4 Nf6 5. Qxg7 Rg8 6. Qh6 Rg6 7. Qh4 Nxe4 8. Qxd8+ Kxd8 9. Ne2 c5 10. a3 Bxc3+ 11.
bxc3 Nc6 12. f3 Nf6 13. Bf4 c4 14. Rb1 b6 15. Bg3 Bd7 16. Nf4 Rg8 17. Bh4 Ke7 18. Kf2 Rg6 19. Re1 Rh6 20. Bg5 Rg6 21. Nxd5+ Kd6 22. Nxf6 Rxg5 23. Ne4+ 1-0

[Event "Late-Titled-Tuesday-Blitz-January-23-2024"]
[Site "Chess.com"]
[Date "2024.01.23"]
[Round "5"]
[White "only_strong_moves"]
[Black "GMJustin"]
[Result "1-0"]
[WhiteElo "2529"]
[BlackElo "2336"]
[TimeControl "180+1"]
[EndTime "14:52:52 PST"]
[Termination "only_strong_moves won on time"]

1. d4 Nf6 2. Nc3 d5 3. Bf4 a6 4.
e3 b5 5. Nf3 Bb7 6. Ne5 Nbd7 7.
g4 Nxe5 8. Bxe5 e6 9. Bg2 Bd6 10. Bg3 h5 11. g5 Ne4 12. Nxe4 dxe4 13. Bxd6 cxd6 14. h4 f5 15. c3 g6 16. a4 Qb6 17.
Bf1 Bd5 18. axb5 axb5 19. Rxa8+ Bxa8 20. Qb3 Ke7 21. Qxb5 Qxb5 22. Bxb5 Rb8 23. c4 e5 24. dxe5 dxe5 25. Kd2 f4 26. Ra1 Ke6 27. Ra6+ Kf7 28.
Rf6+ Kg7 29. exf4 exf4 30. Rxf4 Rd8+ 31. Kc3 Rd3+ 32. Kb4 1-0

[Event "Late-Titled-Tuesday-Blitz-January-23-2024"]
[Site "Chess.com"]
[Date "2024.01.23"]
[Round "5"]
[White "SanchezKelvin"]
[Black "alexgo05"]
[Result "1-0"]
[WhiteElo "2551"]
[BlackElo "2359"]
[TimeControl "180+1"]
[EndTime "14:52:54 PST"]
[Termination "SanchezKelvin won by resignation"]

1. e4 c6 2. d4 g6 3. c4 d5 4. Nc3 dxe4 5. Nxe4 Bg7 6. Be3 Nh6 7. Qd2 Nf5 8.
O-O-O Nd7 9. Nf3 Nb6 10. Nc3 Be6 11. d5 Nxe3 12. Qxe3 cxd5 13. cxd5 Bf5 14. Nd4 Nxd5 15. Nxf5 Bxc3 16. Rxd5 Qc7 17. Rc5 Bxb2+ 18. Kxb2 Qb6+ 19.
Bb5+ 1-0

[Event "Late-Titled-Tuesday-Blitz-January-23-2024"]
[Site "Chess.com"]
[Date "2024.01.23"]
[Round "5"]
[White "DraningWaterHi"]
[Black "ValeriyGrinev"]
[Result "1/2-1/2"]
[WhiteElo "2203"]
[BlackElo "2532"]
[TimeControl "180+1"]
[EndTime "14:52:55 PST"]
[Termination "Game drawn by repetition"]

1. d4 c5 2. d5 d6 3. c4 a6 4. Nc3 g6 5. e4 Bg7 6. Nf3 Nf6 7. g3 O-O 8. Bg2 e6 9. O-O exd5 10.
exd5 Bg4 11. h3 Bxf3 12. Bxf3 Nbd7 13. Be2 Re8 14. a4 Ne4 15. Nxe4 Rxe4 16. Bd3 Re8 17. f4 f5 18. Kg2 Nf6 19. Qf3 Ne4 20. Re1 Qa5 21. Re2 Nf6 22. Bd2 Qb6 23. Bc3 Rxe2+ 24. Qxe2 Re8 25. Qc2 Ne4 26. Re1 Bxc3 27. bxc3 Nf6 28.
Rxe8+ Nxe8 29. Qb1 Qxb1 30. Bxb1 a5 31. Bd3 Nf6 32. Kf3 Nd7 33. Bc2 Nb6 34. Bb3 Kg7 35. g4 Kf6 36. g5+ Ke7 37. Ke3 Nd7 38. h4 Kf7 39.
Bc2 Nb6 40. Bb3 Kg7 41. Kd3 h6 42. Ke3 hxg5 43. hxg5 Kf7 44. Kd3 Na8 45. Bd1 Nc7 46. Kc2 Ne8 47. Kd3 Ng7 48. Ke3 Ke7 49. Bf3 Ne8 50. Bd1 Nc7 51. Kd3 Na8 52. Bc2 Nb6 53.
Bb3 Nd7 54. Bc2 Nb6 55. Bb3 Nd7 56. Bc2 Nb6 1/2-1/2

[Event "Late-Titled-Tuesday-Blitz-January-23-2024"]
[Site "Chess.com"]
[Date "2024.01.23"]
[Round "5"]
[White "Vladimir_Zakhartsov"]
[Black "CaspiIsrael"]
[Result "0-1"]
[WhiteElo "2843"]
[BlackElo "2684"]
[TimeControl "180+1"]
[EndTime "14:53:00 PST"]
[Termination "CaspiIsrael won by resignation"]

1. e4 e5 2. Nf3 Nc6 3. Nc3 Nf6 4. a3 d5 5. Bb5 Nxe4 6. Qe2 Qd6 7. Nxe4 dxe4 8. Qxe4 Bd7 9. d4 O-O-O 10. dxe5 Nxe5 11.
Bxd7+ Rxd7 12. O-O Nxf3+ 13. Qxf3 Qg6 14. Be3 Kb8 15.
c4 Be7 16. b4 Rhd8 17. c5 Rd3 18. h3 Bg5 19. Rfe1 f5 20. Bxg5 Rxf3 21. Bxd8 Rd3 22.
Be7 f4 23. b5 a6 24. a4 Rxh3 25. b6 f3 26. Bg5 fxg2 27. bxc7+ Kc8 0-1

[Event "Late-Titled-Tuesday-Blitz-January-23-2024"]
[Site "Chess.com"]
[Date "2024.01.23"]
[Round "5"]
[White "vyprd"]
[Black "StankovicIvan"]
[Result "0-1"]
[WhiteElo "2342"]
[BlackElo "2548"]
[TimeControl "180+1"]
[EndTime "14:53:03 PST"]
[Termination "StankovicIvan won by resignation"]

1. e4 c5 2. Nf3 Nc6 3. d4 cxd4 4. Nxd4 g6 5. c4 Bg7 6. Be3 Qb6 7. Nb5 Qa5+ 8. N5c3 Nf6 9. f3 O-O 10. Be2 d6 11. O-O a6 12. Na3 Be6 13. Qd2 Rfc8 14. Rfd1 Rab8 15. Kh1 Ne5 16. Nd5 Qxd2 17. Rxd2 Bxd5 18.
cxd5 b5 19. Rad1 Nfd7 20. Rc2 Rxc2 21. Nxc2 Nc4 22. Bxc4 bxc4 23. Nd4 Rxb2 24. Nc6 Bf6 25. a4 Kg7 26. a5 c3 27. Rc1 c2 28. Nd4 Nc5 29. Kg1 Nd3 30. Rf1 c1=Q 31. Bxc1 Bxd4+ 32.
Kh1 Nxc1 33. Rxc1 Ra2 0-1

[Event "Late-Titled-Tuesday-Blitz-January-23-2024"]
[Site "Chess.com"]
[Date "2024.01.23"]
[Round "5"]
[White "chegueps"]
[Black "tigurones"]
[Result "1-0"]
[WhiteElo "2669"]
[BlackElo "2492"]
[TimeControl "180+1"]
[EndTime "14:53:05 PST"]
[Termination "chegueps won by resignation"]

1. d4 d5 2. Nf3 Nf6 3. e3 Bg4 4. h3 Bxf3 5. Qxf3 e6 6. c4 c6 7. Nc3 Nbd7 8. Bd3 Be7 9. g4 dxc4 10. Bxc4 Nb6 11. Bb3 Nfd5 12. Bd2 Nxc3 13. Bxc3 Nd5 14. Kf1 Nxc3 15. bxc3 Qa5 16. Rc1 h5 17. Kg2 Qg5 18. Rb1 O-O-O 19. Bc4 Kc7 20. Qxf7 hxg4 21. h4 Qf6 22.
Qxf6 Bxf6 23. Bxe6 Bxh4 24. Bxg4 Rdf8 25. f4 Be7 26. Kf3 b6 27. a4 g5 28. f5 Bd6 29.
e4 Bf4 30. e5 a6 31. f6 b5 32. axb5 cxb5 33. Ra1 Kb6 34. Rxh8 Rxh8 35. e6 Bd6 36. Ke4 a5 37. Kd5 Bf8 38. e7 Bxe7 39. fxe7 a4 40.
Kd6 1-0